 Dungeon Crawl Stone Soup version 0.27-a0-366-g8badd94918 (webtiles) character file.

Game seed: 17037366000322777374

1 wampuh the Grave Robber (level 1, 0/13 HPs)
             Began as a Demonspawn Necromancer on Feb 17, 2021.
             Slain by a goblin
             ... wielding a +0 club
              (2 damage)
             ... on level 1 of the Dungeon.
             The game lasted 00:00:32 (33 turns).

wampuh the Grave Robber (Demonspawn Necromancer)      Turns: 33, Time: 00:00:32

Health: 0/13       AC:  2    Str:  8    XL:     1   Next: 16%
Magic:  1/3        EV: 12    Int: 16    God:
Gold:   0          SH:  0    Dex: 13    Spells: 3/4 levels left

rFire    . . .     SeeInvis .   (no weapon)
rCold    . . .     Faith    .   (no shield)
rNeg     . . .     Spirit   .   a - +0 robe
rPois    .         Reflect  .   (no helmet)
rElec    .         Harm     .   (no cloak)
rCorr    .         Rampage  .   (no gloves)
Will     .....                  (no boots)
Stlth    ++........             (no amulet)
HPRegen  0.04/turn              (no ring)
MPRegen  0.08/turn              (no ring)

@: no status effects
A: no striking features
a: no special abilities


You were on level 1 of the Dungeon.
You visited 1 branch of the dungeon, and saw 1 of its levels.

Inventory:

Armour
 a - a +0 robe (worn)


   Skills:
 - Level 1.7 Dodging
 + Level 1.8 Stealth
 + Level 2.0 Spellcasting
 * Level 4.4 Necromancy


You had 3 spell levels left.
You knew the following spells:

 Your Spells              Type           Power        Failure   Level
a - Pain                  Necr           60%          3%          1

Your spell library contained the following spells:

 Spells                   Type           Power        Failure   Level
 Animate Skeleton         Necr           30%          3%          1
 Vampiric Draining        Necr           7%           10%         3
 Animate Dead             Necr           7%           32%         4
 Agony                    Necr           15%          67%         5


Dungeon Overview and Level Annotations

Branches:
Dungeon (1/15)

Altars:


Message History

Confirm with . or Enter, or press ? or * to list all spells.
Aiming: Pain (safe; 3% risk of failure)
Press: ? - help, Shift-Dir - straight line, f - hobgoblin
Aim: a hobgoblin, wielding a +0 club (chance to affect: 85%)
The hobgoblin barely resists.
A goblin comes into view. It is wielding a +0 club.
Casting: Pain (safe; 3% risk of failure)
Confirm with . or Enter, or press ? or * to list all spells.
Aiming: Pain (safe; 3% risk of failure)
Press: ? - help, Shift-Dir - straight line, f/p - hobgoblin
Aim: a hobgoblin, wielding a +0 club (chance to affect: 85%)
The hobgoblin writhes in agony.
A rat comes into view.
The hobgoblin hits you with a +0 club.
Casting: Pain (safe; 3% risk of failure)
Confirm with . or Enter, or press ? or * to list all spells.
Aiming: Pain (safe; 3% risk of failure)
Press: ? - help, Shift-Dir - straight line, f/p - hobgoblin
Aim: a hobgoblin, wielding a +0 club (severely wounded, chance to affect: 85%)
The hobgoblin writhes in agony!
You kill the hobgoblin!
A frilled lizard comes into view.
The frilled lizard moves out of view.
A hobgoblin comes into view.
You start resting.
There are monsters nearby!
There are monsters nearby!
The hobgoblin shouts!
You hear a shout!
You aren't carrying any potions.
You aren't carrying any scrolls.
Unknown command.
A rat comes into view.
The goblin hits you with a +0 club.
* * * LOW HITPOINT WARNING * * *
A dart slug comes into view.
A bat comes into view.
The dart slug launches a dart at you. The slug dart misses you.
The bat moves out of view.
The goblin hits you with a +0 club.
You die...

######. ...... # ......l.
#..... . #.
#..........#.....
#..#w.###.##'''##..#.....
........@.#.....#..#g....
##....##g.#.....#..#.....
#.##...g.#..<..#..#)....
#.##..#.....#........
#.#####r.##'''##.##.####
#.r...r.............#
#..###.............##
#..###........# #..#
#........#


You could see a dart slug, a hobgoblin, a goblin and 2 rats.

Vanquished Creatures
  A hobgoblin (D:1)
1 creature vanquished.

Notes
Turn   | Place    | Note
-------+----------+-------------------------------------------
     0 | D:1      | wampuh the Demonspawn Necromancer began the quest for the
                  | Orb.
     0 | D:1      | Reached XP level 1. HP: 13/13 MP: 3/3
    33 | D:1      | Slain by a goblin

Illustrated notes

Levels and vault maps discovered:
D:1:      dpeg_arrival_windows_large_door, layout_basic

Action                   || total
-------------------------++-------
 Cast: Pain              ||     3
Dodge: Dodged            ||     1

Table legend: (Time is in decaauts)
 A = Elapsed time spent in this place.
 B = Non-inter-level travel time spent in this place.
 C = Inter-level travel time spent in this place.
 D = Time resting spent in this place.
 E = Time spent auto-exploring this place.
 F = Levels seen in this place.
 G = Mean time per level.
                   A        B        C        D        E       F      G
               +--------+--------+--------+--------+--------+-----+--------+
         Total |     33 |     33 |      0 |      2 |      8 |   1 |   33.0 |
       Dungeon |     33 |     33 |      0 |      2 |      8 |   1 |   33.0 |
               +--------+--------+--------+--------+--------+-----+--------+

Top non-repeatable levels by time:
     D:1: 33 daAuts
